 Dungeon Crawl Stone Soup version 0.29-a0-330-g52719c12eb (webtiles) character file.

Game seed: 5222031339832036340

1650 jmlagarto the Ruffian (level 8, 0/79 HPs)
             Began as a Troll Artificer on Apr 22, 2022.
             Was a Priest of Nemelex Xobeh.
             Slain by a gnoll shaman
             ... wielding a +0 club
              (4 damage)
             ... on level 6 of the Dungeon.
             The game lasted 00:13:16 (4745 turns).

jmlagarto the Ruffian (Troll Artificer)             Turns: 4745, Time: 00:13:17

Health: 0/79       AC:  5    Str: 23    XL:     8   Next: 67%
Magic:  7/7        EV: 11    Int:  7    God:    Nemelex Xobeh [***...]
Gold:   259        SH:  0    Dex: 10    Spells: 7/7 levels left

rFire   . . .      SeeInvis .     - Unarmed
rCold   + . .      Faith    .   (no shield)
rNeg    . . .      Spirit   .   b - +1 robe
rPois   .          Reflect  .   (helmet restricted)
rElec   .          Harm     .   (no cloak)
rCorr   +          Rampage  .   (gloves unavailable)
Will    .....                   (boots unavailable)
Stlth   +.........              (no amulet)
HPRegen 1.03/turn               v - ring of protection from cold
MPRegen 0.10/turn               B - ring of resist corrosion

@: no status effects
A: large, unfitting armour, claws 3, regeneration 1, shaggy fur 1, tough skin 1
a: Renounce Religion, Draw Escape, Draw Destruction, Draw Summoning, Triple Draw


You were on level 6 of the Dungeon.
You worshipped Nemelex Xobeh.
Nemelex Xobeh was most pleased with you.
You visited 1 branch of the dungeon, and saw 6 of its levels.
You also visited: Sewer.

You collected 389 gold pieces.
You spent 130 gold pieces at shops.

Inventory:

Hand Weapons
 q - a +3 short sword of venom
 s - the +3 mace "Beastbane" {chaos, rCorr Int+4}
   (You found it on level 3 of the Dungeon)

   Each time it hits an enemy it has a different, random effect.
   Int:       It affects your intelligence (+4).
   rCorr:     It protects you from acid and corrosion.
Missiles
 g - 5 poisoned darts (quivered)
 m - 4 datura-tipped darts
Armour
 b - a +1 robe (worn)
 l - an orb of light
Magical Staves
 n - a staff of cold
Jewellery
 v - a ring of protection from cold (left claw)
 B - a ring of resist corrosion (right claw)
Wands
 d - a wand of charming (14)
 e - a wand of iceblast (9)
Scrolls
 a - 2 scrolls of amnesia
 f - a scroll of magic mapping
 h - 2 scrolls of enchant weapon
 j - a scroll of torment
 o - a scroll of immolation
 p - a scroll of vulnerability
 r - a scroll of holy word
 y - a scroll of blinking {unknown}
 A - a scroll of teleportation {unknown}
 D - a scroll of summoning {unknown}
 E - 5 scrolls of identify
Potions
 c - a potion of attraction {unknown}
 i - 2 potions of ambrosia {unknown}
 k - a potion of invisibility
 t - a potion of cancellation {unknown}
 u - 5 potions of curing
 w - a potion of mutation {unknown}
 x - a potion of berserk rage
 z - a potion of heal wounds
 C - 4 potions of flight


   Skills:
 + Level 4.4 Fighting
 - Level 1.0 Armour
 + Level 4.9 Dodging
 - Level 0.7 Stealth
 + Level 5.2 Unarmed Combat
 + Level 4.6 Evocations


You had 7 spell levels left.
You didn't know any spells.
Your spell library contained the following spells:

 Spells                   Type           Power      Damage    Failure   Level
 Pain                     Necr           0%         1d4       43%         1
 Sandblast                Erth           0%         2d4       43%         1
 Passwall                 Tmut/Erth      0%         N/A       56%         2
 Stone Arrow              Conj/Erth      0%         3d7       80%         3
 Agony                    Necr           0%         N/A       100%        5
 Excruciating Wounds      Necr           0%         N/A       100%        5


Dungeon Overview and Level Annotations

Branches:
Dungeon (6/15)             Temple (0/1) D:6           Sewer (visited)

Altars:
Kikubaaqudgha
Nemelex Xobeh

Shops:
D:4 !


Innate Abilities, Weirdness & Mutations

You are too large for most types of armour.
You have claws for hands.
Your natural rate of healing is unusually fast.
You are covered in fur. (AC +1)
You have tough skin. (AC +1)


Message History

The hound is almost dead.
The hound bites you but does no damage. x2
You claw the hound!
You kill the hound!
Aiming: Charm
Press: ? - help, Shift-Dir - straight line, f - gnoll
Aim: a gnoll, wielding a +0 flail (chance to affect: 69%)
The gnoll is charmed.
Something hits your gnoll.
You swap places.
You are no longer glowing.
Something hits you.
* * * LOW HITPOINT WARNING * * *
Things that are here:
9 gold pieces; a hound corpse Your gnoll barely misses something.
The gnoll hits you with a +0 whip.
* * * LOW HITPOINT WARNING * * *
Something hits you!
* * * LOW HITPOINT WARNING * * *
The walls disappear prematurely!
Your gnoll hits something with a +0 flail.
You scratch the gnoll.
The gnoll is heavily wounded.
You claw the gnoll!
You kill the gnoll!
You scratch the bullfrog zombie.
The bullfrog zombie is lightly damaged.
The bullfrog zombie barely misses you.
You claw the bullfrog zombie!
The bullfrog zombie is moderately damaged.
Okay, then.
You draw a card...
You have drawn Velocity.
The gnoll seems to slow down.
The deck of cards disappears without a trace.
Something hits you!
* * * LOW HITPOINT WARNING * * *
Something hits you!
* * * LOW HITPOINT WARNING * * *
Something hits you.
You die...
Your body glows slightly and disappears.

.####....# ***,*,* ......>..#
*,,,* .........# *,***
...#####.# *,* ###.###.###
###########,* .#........#
#..........,**
.....P....######.#########,,*
).P..P............# **,*
..P....)..####.#@.# *,**
.####.)...# ##.#..# *## *##,,*
## ##.#.#####.###Z###.###.#*,*
####....##*#...Z.g)........#.*
#.).....##..##.###.###.##...*
#.#.<.#.###.#..$........#.#**
##†#####.# #...##g###.##...*
...# #.#*#.#:#.Z.....#.#,**
##.# #.##..#...##.##...#,,*


You could see a gnoll (slow) and a bullfrog zombie.

Vanquished Creatures
  A hornet zombie (D:6)
  3 sky beasts
  An ogre (D:3)
  2 phantoms
  A scorpion (D:5)
  3 water moccasin zombies (D:6)
  4 bullfrog zombies (D:6)
  A centaur zombie (D:6)
  4 hounds
  3 bullfrog skeletons (D:6)
  2 jellies
  An iguana (D:5)
  A killer bee zombie (D:6)
  2 howler monkey zombies (D:6)
  A gnoll (D:6)
  11 adders
  5 river rats (Sewer)
  An ufetubus (D:4)
  7 worms
  A dart slug (D:3)
  11 orcs
  13 ball pythons
  18 bats
  14 endoplasms
  4 giant cockroaches
  6 goblins
  6 hobgoblins
  5 jackals
  11 quokkas
  A frilled lizard (Sewer)
  10 kobolds
  7 rats
  A butterfly (D:6)
162 creatures vanquished.

Vanquished Creatures (others)
  A gnoll (D:6)
  4 withered plants (D:6)
5 creatures vanquished.

Grand Total: 167 creatures vanquished

Notes
Turn   | Place    | Note
-------+----------+-------------------------------------------
     0 | D:1      | jmlagarto the Troll Artificer began the quest for the Orb.
     0 | D:1      | Reached XP level 1. HP: 18/18 MP: 0/0
   154 | D:1      | Reached XP level 2. HP: 26/26 MP: 1/1
   193 | D:1      | Reached skill level 1 in Fighting
   516 | D:1      | Found a faded altar of an unknown god.
   702 | D:1      | Prayed at the altar of an unknown god.
   702 | D:1      | Became a worshipper of Nemelex Xobeh the Trickster
   702 | D:1      | Reached * piety under Nemelex Xobeh
   702 | D:1      | Received a gift from Nemelex Xobeh
   778 | D:2      | Reached XP level 3. HP: 27/33 MP: 2/2
   963 | D:2      | Reached skill level 1 in Unarmed Combat
  1234 | D:2      | Reached skill level 1 in Armour
  1369 | D:3      | Reached XP level 4. HP: 20/41 MP: 3/3
  1404 | D:3      | Reached ** piety under Nemelex Xobeh
  1435 | D:3      | Identified the +3 mace "Beastbane" {chaos, rCorr Int+4}
  2174 | D:3      | Noticed an ogre
  2179 | D:3      | Killed an ogre
  2180 | D:3      | Reached skill level 2 in Unarmed Combat
  2180 | D:3      | Reached XP level 5. HP: 48/49 MP: 4/4
  2440 | D:4      | Reached XP level 6. HP: 48/57 MP: 5/5
  2464 | D:4      | Found an ancient bone altar of Kikubaaqudgha.
  2524 | D:4      | Found Zaimi's Distillery.
  2565 | D:4      | Bought a potion of berserk rage for 50 gold pieces
  2565 | D:4      | Bought a potion of curing for 30 gold pieces
  2565 | D:4      | Bought a potion of heal wounds for 50 gold pieces
  2651 | D:4      | Received a gift from Nemelex Xobeh
  2752 | D:5      | Entered Level 5 of the Dungeon
  2772 | D:5      | Reached skill level 3 in Unarmed Combat
  2807 | D:5      | Noticed a sky beast
  2822 | D:5      | Killed a sky beast
  2823 | D:5      | Reached XP level 7. HP: 67/67 MP: 6/6
  3148 | D:5      | Received a gift from Nemelex Xobeh
  3193 | D:5      | Reached *** piety under Nemelex Xobeh
  3635 | D:6      | Reached skill level 4 in Unarmed Combat
  3650 | D:6      | Reached XP level 8. HP: 63/78 MP: 7/7
  3741 | D:6      | Found a staircase to the Ecumenical Temple.
  3751 | D:6      | Found a glowing drain.
  3764 | Sewer    | Entered a sewer
  4699 | D:6      | Reached skill level 5 in Unarmed Combat
  4743 | D:6      | HP: 2/79 [something (7)]
  4745 | D:6      | Slain by a gnoll shaman

Illustrated notes

Levels and vault maps discovered:
D:1:      lightli_arrival_maybe_door_vault, layout_loops_cross,
          shapermc_ecumenical_altar_totnotflames, grunt_decor_resistance
D:2:      layout_basic, kennysheep_nub
D:3:      minmay_razor_zed, layout_basic
D:4:      layout_rooms, mainiacjoe_overflow_paths, serial_shops,
          nicolae_shop_hallway_plus
D:5:      layout_basic
D:6:      layout_loops_ring, gammafunk_temple_overflow_statue,
          minmay_temple_entry_butterflies, serial_undead, serial_undead_e,
          serial_undead_c, serial_undead_a, serial_undead_a, serial_undead_f,
          serial_undead_d, serial_undead_b, serial_undead_e,
          portal_sewer_entry_d, nicolae_concentric_dashed_squares_mild

Skill      XL: |  1  2  3  4  5  6  7  8 |
---------------+-------------------------+-----
Dodging        | 2 3 4 |  4.9
Fighting       | 1 2 3 4 |  4.4
Unarmed Combat | 1 2 3 4 5 |  5.2
Armour         | 1 |  1.0
Evocations     | 3 4 |  4.6
Stealth        | |  0.7

Action                   |  1- 3 |  4- 6 |  7- 9 || total
-------------------------+-------+-------+-------++-------
Melee: Unarmed           |   152 |   168 |   231 ||   551
       Punch             |       |     2 |    12 ||    14
Throw: Dart              |       |       |    14 ||    14
Invok: Draw Escape       |       |       |     2 ||     2
       Draw Destruction  |       |       |     1 ||     1
Evoke: Wand              |       |     6 |    23 ||    29
  Use: Scroll            |       |     4 |     5 ||     9
       Potion            |       |       |     1 ||     1
 Stab: Sleeping          |     4 |     1 |     1 ||     6
Armor: Robe              |    53 |    80 |    97 ||   230
Dodge: Dodged            |    86 |    87 |   152 ||   325

Table legend: (Time is in decaauts)
 A = Elapsed time spent in this place.
 B = Non-inter-level travel time spent in this place.
 C = Inter-level travel time spent in this place.
 D = Time resting spent in this place.
 E = Time spent auto-exploring this place.
 F = Levels seen in this place.
 G = Mean time per level.
                   A        B        C        D        E       F      G
               +--------+--------+--------+--------+--------+-----+--------+
         Total |   4871 |   4702 |    169 |     14 |   3403 |   7 |  695.9 |
       Dungeon |   4116 |   3947 |    169 |     14 |   2897 |   6 |  686.0 |
         Sewer |    755 |    755 |      0 |      0 |    506 |   1 |  755.0 |
               +--------+--------+--------+--------+--------+-----+--------+

Top non-repeatable levels by time:
     D:3: 1063 daAuts
     D:5: 798 daAuts
   Sewer: 755 daAuts
     D:1: 710 daAuts
     D:2: 584 daAuts
     D:6: 572 daAuts
     D:4: 387 daAuts
